 Dungeon Crawl Stone Soup version 0.32-a0-859-gb0a091d592 (webtiles) character file.

Game seed: 1234794935927172025

8823 ezpacito the Chopper (level 11, -1/84 HPs)
             Began as a Coglin Chaos Knight on Mar 27, 2024.
             Was a Plaything of Xom.
             Slain by a killer bee (4 damage)
             ... on level 9 of the Dungeon.
             The game lasted 00:16:14 (9605 turns).

ezpacito the Chopper (Coglin Chaos Knight)          Turns: 9605, Time: 00:16:14

Health: -1/84      AC: 15    Str: 16 (17) XL:     11   Next: 36%
Magic:  16/16      EV:  8    Int:  9 (11) God:    Xom [..*...]
Gold:   189        SH:  0    Dex: 13 (14) Spells: 4/17 levels left

rFire   . . .        d - +1 broad axe (heavy) {Xiloxoch}
rCold   . . .        a - +0 hand axe (chaos) {Bob}
rNeg    . . .        x - +0 chain mail
rPois   +            v - +1 helmet
rElec   .            C - scarf {repulsion}
rCorr   .            s - +0 pair of gloves
SInv    .            (no boots)
Will    .....        (amulet unavailable) Stlth
                     (ring unavailable)
HPRegen 0.34/turn    (ring unavailable)
MPRegen 0.15/turn    (no gizmo)

%: repel missiles
@: about to teleport, invisible, revving
A: off-hand wielding, slow wielding, warmup strikes, no jewellery, iridescent
scales 1, deterioration 1, poison resistance, wild magic 1
a: Invent Gizmo, Renounce Religion


You were on level 9 of the Dungeon.
You worshipped Xom.
You were a toy of Xom.
You visited 2 branches of the dungeon, and saw 10 of its levels.
You also visited: Ossuary and Bailey.

You collected 453 gold pieces.
You spent 264 gold pieces at shops.

Inventory:

Hand Weapons
 a - a +0 hand axe of chaos (offhand) {Bob}
 d - a +1 heavy broad axe (weapon) {Xiloxoch}
 e - a +1 flail of draining {Bonifácio}
 l - a +0 trident
 E - a +0 war axe
Missiles
 g - 5 atropa-tipped darts
 k - 24 poisoned darts (quivered)
 J - 2 javelins
Armour
 s - a +0 pair of gloves (worn)
 u - the +2 robe "Buyq" {^Contam Harm rPois Dex+4}
   (You found it on level 8 of the Dungeon)

   Dex+4:     It affects your dexterity (+4).
   rPois:     It protects you from poison.
   ^Contam:   It causes magical contamination when unequipped.
   Harm:      It increases damage dealt and taken.
 v - a +1 helmet (worn)
 x - a +0 chain mail (worn)
 C - a scarf of repulsion (worn)
 G - a +0 plate armour
Magical Staves
 b - a staff of earth
 c - a staff of death
 i - a staff of air
Talismans
 I - a beast talisman
Wands
 n - a wand of light (5)
 F - a wand of flame (8)
 H - a wand of iceblast (3)
Scrolls
 r - 3 scrolls of amnesia
 t - 5 scrolls of teleportation
 z - 5 scrolls of noise
 D - a scroll of vulnerability
Potions
 f - a potion of lignification
 h - 2 potions of haste
 j - 2 potions of enlightenment
 m - 2 potions of magic
 o - 6 potions of mutation
 p - 2 potions of attraction
 w - 2 potions of invisibility
 A - 6 potions of brilliance


   Skills:
 * Level 7.5 Fighting
 * Level 7.5(8.2) Axes
 + Level 4.2(6.2) Polearms
 * Level 6.5 Armour
 * Level 6.4 Dodging
 + Level 4.3 Stealth
 + Level 3.7 Spellcasting
 + Level 2.2 Summonings
 + Level 2.2 Necromancy
 + Level 2.6 Alchemy
 + Level 5.7 Evocations


You had 4 spell levels left.
You knew the following spells:

 Your Spells              Type           Power      Damage    Failure   Level
a - Animate Armour        Summ/Erth      8%         N/A       100%        4
b - Fulminant Prism       Conj/Alch      2%         3d5       100%        4
c - Martyr's Knell        Necr/Summ      7%         N/A       100%        4
d - Necrotise             Necr           28%        1d5       80%         1

Your spell library contained the following spells:

 Spells                   Type           Power      Damage    Failure   Level
 Foxfire                  Conj/Fire      8%         2x1d4     97%         1
 Vampiric Draining        Necr           7%         2d6       98%         3
 Stone Arrow              Conj/Erth      4%         3d7       100%        3
 Volatile Blastmotes      Fire/Tloc      4%         2d10      100%        3
 Iskenderun's Mystic Bla Conj/Tloc 2%             2d3        (+2d1     100%        4
 Summon Lightning Spire   Summ/Air       4%         N/A       100%        4
 Vhi's Electric Charge    Tloc/Air       4%         N/A       100%        4
 Arcjolt                  Conj/Air       1%         1d11      100%        5
 Curse of Agony           Necr           7%         N/A       100%        5
 Lee's Rapid Deconstruct  Erth           1%         3d4*      100%        5
 Plasma Beam              Fire/Air       1%         2x1d11    100%        6
 Starburst                Conj/Fire      1%         6d3       100%        6
 Lehudib's Crystal Spear  Conj/Erth      1%         10d2      100%        8


Dungeon Overview and Level Annotations

Branches:
Dungeon (9/15)             Temple (1/1) D:6            Lair (0/5) D:8
Ossuary (visited)          Bailey (visited)
    Orc: D:9-12

Altars:
Ashenzari
Dithmenos
Gozag
Hepliaklqana
Kikubaaqudgha
Makhleb
Nemelex Xobeh
Okawaru
Qazlal
Ru
Sif Muna
Trog
Uskayaw
Vehumet
Wu Jian
Xom
Yredelemnul
Zin
The Shining One

Shops:
D:1 !   D:2 =([   D:4 !   D:6 *


Innate Abilities, Weirdness & Mutations

You can wield a second weapon in your off-hand.
It takes a long time for you to wield or remove held weapons.
Your first few attacks do less damage.
You cannot equip rings or amulets.
You are partially covered in iridescent scales. (AC +2)
Your body sometimes deteriorates upon taking damage.
Your system is resistant to poisons. (rPois)
Your spells are a little harder to cast, but a little more powerful.


Message History

Aim: a killer bee (48% to hit)
Okay, then.
Okay, then.
You closely miss the killer bee with your +0 hand axe of chaos.
You hit the killer bee but do no damage.
You hit the killer bee with your +1 heavy broad axe.
You hit the killer bee but do no damage.
The killer bee stings you.
* * * LOW HITPOINT WARNING * * *
The killer bee stings you but does no damage. x2
The killer bee closely misses you.
The killer bee stings you but does no damage. x2
You take 5 damage, and have 4/84 hp.
It was a potion of invisibility.
You fade into invisibility!
Xom roars with laughter!
The killer bee closely misses you.
The killer bee stings you but does no damage. x4
The killer bee barely misses you.
As you read the scroll of teleportation, it crumbles to dust.
You feel strangely unstable.
The killer bee stings you but does no damage. x2
The killer bee closely misses you. The killer bee barely misses you.
The killer bee stings you.
* * * LOW HITPOINT WARNING * * *
The killer bee barely misses you.
You take 1 damage, and have 3/84 hp.
Okay, then.
You hit the killer bee but do no damage.
The killer bee appears confused.
You miss the killer bee with your +0 hand axe of chaos.
You hit the killer bee with your +0 hand axe of chaos.
The killer bee flies into a frenzy!
You hit the killer bee but do no damage.
You catch the helpless killer bee completely off-guard!
You slice the killer bee with your +1 heavy broad axe!!
You kill the killer bee!
You closely miss the killer bee with your +1 heavy broad axe.
The killer bee stings you.
You die...

..# ..#
........#
..#
.......#
..#
......#
....
.....#
#....
....#
##P##
.y.# ##
#.y# #@y#
####


You could see 3 killer bees.

Vanquished Creatures
  A two-headed ogre (D:8)
  The ghost of Chish the Poker, a novice FoFi of Yredelemnul (D:4)
  A meliai zombie (D:9)
  Sigmund (D:4)
  A wraith (D:9)
  12 yaks
  7 vampires (D:9)
  3 wyverns
  Edmund (D:4)
  Duvessa (D:6)
  2 water moccasins
  A swamp drake (D:2)
  2 orc warriors
  2 ogres (D:6)
  3 ice beasts
  4 centaurs
  3 phantoms (D:9)
  A kobold brigand (D:7)
  2 bullfrogs (D:8)
  3 scorpions
  A wight (D:9)
  Dowan (D:6)
  12 killer bees (D:9)
  3 howler monkeys
  3 bombardier beetles
  6 centaur zombies (Ossuary)
  A human zombie (Ossuary)
  6 hounds
  3 jellies
  2 orc priests (D:3)
  Jessica (D:3)
  An iguana (D:6)
  Natasha (thrice) (D:3)
  10 orc wizards
  6 hound zombies (Ossuary)
  2 mummies (Ossuary)
  11 gnolls
  5 adders
  2 shadow imps
  2 white imps
  2 ufetubi (D:6)
  3 adder zombies (Ossuary)
  3 ribbon worms
  6 dart slugs
  38 orcs
  8 endoplasms
  3 giant cockroaches
  7 gnoll zombies (Ossuary)
  13 goblins
  8 hobgoblins
  6 jackals (D:2)
  2 quokkas
  2 ball pythons
  3 bats
  3 frilled lizards
  A goblin zombie (D:4)
  6 jackal zombies (Ossuary)
  10 kobolds
  5 kobold zombies (Ossuary)
  3 orc zombies (Ossuary)
  3 rats
268 creatures vanquished.

Vanquished Creatures (collateral kills)
  A kobold (D:7)
1 creature vanquished.

Vanquished Creatures (others)
  A hound zombie (Ossuary)
  A goblin (D:4)
2 creatures vanquished.

Grand Total: 271 creatures vanquished

Notes
Turn   | Place    | Note
-------+----------+-------------------------------------------
     0 | D:1      | ezpacito the Coglin Chaos Knight began the quest for the
                  | Orb.
     0 | D:1      | Reached XP level 1. HP: 18/18 MP: 1/1
    26 | D:1      | XOM: silly message
    47 | D:1      | Found Woar's Distillery.
   205 | D:1      | Reached skill level 1 in Dodging
   211 | D:1      | Reached XP level 2. HP: 23/24 MP: 2/2
   361 | D:1      | XOM: divination: detect creatures
   684 | D:1      | Reached XP level 3. HP: 29/29 MP: 3/3
   845 | D:1      | Bought a potion of degeneration for 10 gold pieces
   845 | D:1      | Bought a potion of enlightenment for 50 gold pieces
   845 | D:1      | Bought a potion of curing for 30 gold pieces
   933 | D:2      | Noticed a scorpion
   936 | D:2      | a scorpion changed into a swamp drake
   936 | D:2      | Noticed a swamp drake
   937 | D:2      | Killed a swamp drake
   938 | D:2      | Reached XP level 4. HP: 35/35 MP: 3/5
   938 | D:2      | Reached XP level 5. HP: 41/41 MP: 3/6
  1020 | D:2      | Found Xuiph's Armour Emporium.
  1042 | D:2      | Noticed a +0 giant spiked club
  1049 | D:2      | Found Kuukoch's Weapon Boutique.
  1051 | D:2      | Noticed a +0 quick blade
  1140 | D:2      | XOM: silly message
  1250 | D:2      | Reached skill level 1 in Spellcasting
  1310 | D:2      | Reached skill level 1 in Stealth
  1331 | D:2      | Found Tusody's Jewellery Emporium.
  1474 | D:2      | XOM: silly message
  1865 | D:3      | XOM: divination: magic mapping
  1867 | D:3      | XOM: noise
  1868 | D:3      | Identified the ring "Tingie" {rPois rN+ rCorr AC+4 Int-2}
                  | (Xom gifted it to you on level 3 of the Dungeon)
  1868 | D:3      | XOM: god gift: ring "Tingie" {rPois rN+ rCorr AC+4 Int-2}
  1871 | D:3      | Reached skill level 1 in Polearms
  2008 | D:3      | Reached XP level 6. HP: 46/48 MP: 7/7
  2099 | D:3      | Found a broken altar of Ashenzari.
  2139 | D:3      | XOM: 9-stop teleportation journey
  2366 | D:3      | Noticed Jessica
  2369 | D:3      | Killed Jessica
  2377 | D:3      | Noticed Natasha
  2385 | D:3      | Killed Natasha
  2459 | D:3      | Noticed Natasha
  2462 | D:3      | Killed Natasha
  2515 | D:3      | Noticed Natasha
  2526 | D:3      | Killed Natasha
  2722 | D:2      | Bought 3 poisoned darts for 25 gold pieces
  2727 | D:2      | Learned a level 4 spell: Animate Armour
  2798 | D:1      | Bought a potion of brilliance for 40 gold pieces
  2798 | D:1      | Bought a potion of might for 40 gold pieces
  2899 | D:4      | Noticed Edmund
  2907 | D:4      | Killed Edmund
  2908 | D:4      | Reached skill level 1 in Evocations
  2908 | D:4      | Reached XP level 7. HP: 46/54 MP: 9/9
  3002 | D:4      | Found a sand-covered staircase.
  3011 | Ossuary  | Entered an ossuary
  3216 | Ossuary  | XOM: enchant monster (good)
  3282 | Ossuary  | Reached XP level 8. HP: 61/61 MP: 10/10
  3287 | Ossuary  | XOM: god gift: 26 gold pieces
  3420 | D:4      | XOM: scenery: summon butterflies
  3739 | D:4      | Found an ancient bone altar of Kikubaaqudgha.
  3773 | D:4      | Found a runed translucent door.
  3921 | D:4      | Noticed Sigmund
  3926 | D:4      | XOM: confuse monster(s)
  3931 | D:4      | Killed Sigmund
  3932 | D:4      | Reached skill level 5 in Fighting
  3932 | D:4      | Reached skill level 5 in Axes
  3967 | D:4      | Found Fekaech's Distillery.
  4064 | D:4      | Noticed Chish's ghost (novice FoFi)
  4116 | D:4      | Killed Chish's ghost
  4168 | D:5      | Entered Level 5 of the Dungeon
  4281 | D:5      | XOM: scenery: summon butterflies
  4319 | D:5      | XOM: cloud trail
  4358 | D:5      | Reached XP level 9. HP: 68/68 MP: 12/12
  4929 | D:6      | Noticed Dowan
  4930 | D:6      | XOM: potion effect (might)
  4936 | D:6      | Killed Dowan
  4936 | D:6      | Noticed Duvessa
  4942 | D:6      | Killed Duvessa
  5079 | D:6      | Found an ornate altar of the Wu Jian Council.
  5213 | D:6      | Found a staircase to the Ecumenical Temple.
  5222 | Temple   | Entered the Ecumenical Temple
  5248 | D:6      | Found an opulent altar of Gozag.
  5367 | D:6      | Found Byazeph's Assorted Antiques.
  5380 | D:6      | Reached skill level 5 in Armour
  5441 | D:6      | Bought a scroll of identify for 46 gold pieces
  5441 | D:6      | Bought a scroll labelled LOFASAH FATT for 23 gold pieces
  5559 | D:6      | XOM: god gift: 8 stones
  5880 | D:7      | Reached skill level 5 in Dodging
  6064 | D:7      | XOM: god gift: beast talisman
  6073 | D:7      | XOM: stat loss: -1 Str (16/17)
  6088 | D:7      | XOM: summons 1 hostile shadow creature
  6540 | D:7      | Learned a level 4 spell: Fulminant Prism
  6545 | D:7      | Learned a level 4 spell: Martyr's Knell
  6547 | D:7      | Learned a level 1 spell: Necrotise
  6625 | D:8      | Found a flagged portal.
  6703 | D:8      | Reached XP level 10. HP: 77/77 MP: 14/14
  6728 | D:8      | Found a staircase to the Lair.
  6737 | D:8      | Found a shadowy altar of Dithmenos.
  6768 | D:8      | Noticed a two-headed ogre
  6774 | D:8      | XOM: summons 1 hostile demon
  6775 | D:8      | XOM: 1-stop teleportation journey
  6861 | D:8      | Identified the +2 robe "Buyq" {^Contam Harm rPois Dex+4}
  6932 | Bailey   | Entered a bailey
  6940 | Bailey   | XOM: 3-stop teleportation journey
  6942 | Bailey   | XOM: god gift: 2 javelins
  7274 | Bailey   | XOM: give mutations
  7274 | Bailey   | Gained mutation: Your flesh is cold resistant. (rC+) [Xom's
                  | mischief]
  7274 | Bailey   | Gained mutation: Your body sometimes deteriorates upon
                  | taking damage. [Xom's mischief]
  7274 | Bailey   | Gained mutation: You have hidden genetic defects. [Xom's
                  | mischief]
  7274 | Bailey   | Gained mutation: Your spells are a little easier to cast,
                  | but a little less powerful. [Xom's mischief]
  7275 | Bailey   | Lost mutation: You have hidden genetic defects. [potion of
                  | mutation]
  7275 | Bailey   | Lost mutation: Your flesh is cold resistant. (rC+) [potion
                  | of mutation]
  7275 | Bailey   | Lost mutation: Your spells are a little easier to cast, but
                  | a little less powerful. [potion of mutation]
  7275 | Bailey   | Gained mutation: Your spells are a little harder to cast,
                  | but a little more powerful. [potion of mutation]
  7275 | Bailey   | Gained mutation: You are partially covered in iridescent
                  | scales. (AC +2) [potion of mutation]
  7275 | Bailey   | Gained mutation: Your system is resistant to poisons.
                  | (rPois) [potion of mutation]
  7290 | Bailey   | XOM: god gift: scale mail {god gift}
  7411 | Bailey   | XOM: summons 3 hostile shadow creatures
  7657 | Bailey   | Acquired a +1 heavy broad axe
  7724 | D:8      | Killed a two-headed ogre
  7725 | D:8      | Reached skill level 1 in Alchemy
  8068 | D:8      | XOM: silly message
  8132 | D:8      | XOM: divination: detect creatures
  8378 | D:9      | XOM: summons friendly crimson imp
  8383 | D:8      | Reached skill level 1 in Summonings
  8383 | D:8      | Reached skill level 1 in Necromancy
  8384 | D:8      | XOM: noise
  8553 | D:8      | XOM: confusion (+ monsters)
  8554 | D:8      | XOM: potion effect (brilliance)
  8559 | D:8      | Reached skill level 5 in Evocations
  8702 | D:8      | XOM: cloud trail
  8714 | D:9      | XOM: cast spell 'Metabolic Englaciation'
  8715 | D:9      | XOM: confuse monster(s)
  8733 | D:9      | Reached XP level 11. HP: 53/84 MP: 16/16
  8743 | D:9      | XOM: smoke on damage
  8820 | D:9      | XOM: swap monsters
  9058 | D:9      | XOM: 1-stop teleportation journey
  9075 | D:9      | XOM: summons 1 hostile shadow creature
  9304 | D:9      | XOM: summons friendly crimson imp
  9350 | D:9      | XOM: noise
  9445 | D:9      | XOM: cloud trail
  9550 | D:9      | XOM: cast spell 'Iskenderun's Battlesphere'
  9594 | D:9      | Noticed a skeletal warrior
  9598 | D:9      | XOM: noise
  9599 | D:9      | HP: 3/84 [skeletal warrior/+1 heavy battleaxe (16)]
  9604 | D:9      | HP: 3/84 [killer bee (2)]
  9605 | D:9      | Slain by a killer bee

Illustrated notes

Levels and vault maps discovered:
D:1:      dpeg_arrival_rooms_b, layout_loops_corners, serial_shops, shop
D:2:      layout_basic, serial_shops, nicolae_lakefront_shop,
          nicolae_shop_mannequins, shop
D:3:      layout_loops_ring, nicolae_overflow_crystal_walls, uniq_natasha,
          uniq_jessica
D:4:      layout_loops_ring, mainiacjoe_overflow_24_doors, serial_shops,
          nicolae_shop_pleasant_corner_grove, ebering_ghost_reflecting_pool,
          enter_ossuary_3, sigmund_edmund_badplayer
D:5:      layout_loops_ring, nicolae_sextant
D:6:      layout_loops_ring, mainiacjoe_overflow_cross_hatched,
          mainiacjoe_overflow_paths, minmay_temple_entry_statues_fountains,
          serial_shops, shop, uniq_duvessa
D:7:      layout_loops_ring, nrook_mini_vaults
D:8:      layout_basic, nicolae_dithmenos_through_a_glass_darkly,
          lair_entry_dummy, enter_bailey_5
D:9:      bobbens_index_wilting_gardens, layout_rooms,
          chequers_temple_overflow_minitemple, minmay_shop_mass
Temple:   nicolae_temple_superstar

Skill      XL: |  1  2  3  4  5  6  7  8  9 10 11 |
---------------+----------------------------------+-----
Dodging        | 1 2 3 4 5 6 |  6.4
Armour         | 2 3 4 5 6 |  6.5
Spellcasting   | 1 2 3 |  3.7
Stealth        | 1 2 3 4 |  4.3
Polearms       | 1 2 3 4 |  4.2
Axes           | 4 5 6 7 |  7.5
Fighting       | 4 5 6 7 |  7.5
Evocations     | 1 2 3 4 5 |  5.7
Alchemy        | 2 |  2.6
Summonings     | 1 2 |  2.2
Necromancy     | 1 2 |  2.2

Action                     |  1- 3 |  4- 6 |  7- 9 | 10-12 || total
---------------------------+-------+-------+-------+-------++-------
  Melee: Dagger            |    16 |       |       |       ||    16
         Hand axe          |    31 |   104 |   279 |   121 ||   535
         Mace              |    18 |   102 |       |       ||   120
         Flail             |       |       |   290 |    75 ||   365
         Broad axe         |       |       |       |    98 ||    98
  Evoke: Wand              |       |       |     2 |    11 ||    13
    Use: Scroll            |       |    11 |     8 |     8 ||    27
         Potion            |       |     1 |     9 |    15 ||    25
   Stab: Confused          |     1 |     3 |     7 |    10 ||    21
         Paralysed         |       |     3 |       |     2 ||     5
         Sleeping          |       |     2 |       |       ||     2
         Petrifying        |       |       |     2 |       ||     2
         Distracted        |       |       |     1 |       ||     1
         Invisible         |       |       |       |     1 ||     1
 Armour: Leather armour    |    15 |    47 |       |       ||    62
         Chain mail        |       |    32 |   319 |   309 ||   660
  Dodge: Dodged            |    17 |    57 |   165 |   156 ||   395
         Repelled          |       |       |     6 |     5 ||    11

Table legend: (Time is in decaauts)
 A = Elapsed time spent in this place.
 B = Non-inter-level travel time spent in this place.
 C = Inter-level travel time spent in this place.
 D = Time resting spent in this place.
 E = Time spent auto-exploring this place.
 F = Levels seen in this place.
 G = Mean time per level.
                   A        B        C        D        E       F      G
               +--------+--------+--------+--------+--------+-----+--------+
         Total |   9635 |   9074 |    561 |    925 |   6221 |  12 |  802.9 |
       Dungeon |   8518 |   7958 |    560 |    590 |   5788 |   9 |  946.4 |
        Temple |      1 |      1 |      0 |      0 |      0 |   1 |    1.0 |
       Ossuary |    366 |    366 |      0 |      0 |    180 |   1 |  366.0 |
        Bailey |    748 |    748 |      0 |    334 |    253 |   1 |  748.0 |
               +--------+--------+--------+--------+--------+-----+--------+

Top non-repeatable levels by time:
     D:8: 1363 daAuts
     D:2: 1041 daAuts
     D:1: 1009 daAuts
     D:4: 919 daAuts
     D:9: 894 daAuts
     D:3: 880 daAuts
     D:7: 862 daAuts
     D:6: 813 daAuts
  Bailey: 748 daAuts
     D:5: 735 daAuts
 Ossuary: 366 daAuts
  Temple: 1 daAuts
